[ AOE2 MATCH · #505949428 ]
UnrankedCelts vs Britons
Player's team · WIN
Rival team · LOSS
[ REPLAY ANALYSIS · EXTRACTED FROM THE RECORDED GAME ]
Feudal
11:23
Castle
22:04
Imperial
—
| APM avg | 51.8 |
| APM peak | 84 |
| eAPM avg | 22.7 |
| Villagers / military | 63 / 35 |
Focus
⚔️ 42.2% · 🌾 57.8%
Skirmisher ×18 · Archer ×12 · Militia ×3 · Monk ×2
Feudal
8:51
Castle
21:00
Imperial
—
| APM avg | 51.7 |
| APM peak | 96 |
| eAPM avg | 21.7 |
| Villagers / military | 49 / 27 |
Focus
⚔️ 24.9% · 🌾 75.1%
Archer ×12 · Skirmisher ×9 · Militia ×5 · Spearman ×1
Match map
Initial resources + every placement click. Lines = walls · curves = elevation contours. ◆ gold · ⬟ stone · ● berries · ✦ relic · ◌ wall gap
Your base· ✓ Closed at 22:04 · 28t walls · 1 gate(s)
Monkey Boy's base· Open — 8t gap
Smoothed initial terrain · ◌ = detected wall gap · hover for details
Inputs per minute
— thunder bun - - Monkey Boy
Build order — thunder bun
First 150 of 175 actions detected
| 0:00 | Create | Villager (Male) |
| 0:01 | Create | Villager (Male) |
| 0:01 | Create | Villager (Male) |
| 0:01 | Create | Villager (Male) |
| 0:02 | Create | Villager (Male) |
| 0:03 | Build | House |
| 0:05 | Build | House |
| 1:30 | Create | Villager (Male) |
| 1:30 | Create | Villager (Male) |
| 2:07 | Create | Villager (Male) |
| 2:07 | Create | Villager (Male) |
| 2:19 | Build | Lumber Camp |
| 2:20 | Create | Villager (Male) |
| 2:53 | Create | Villager (Male) |
| 2:54 | Create | Villager (Male) |
| 2:54 | Create | Villager (Male) |
| 3:25 | Create | Villager (Male) |
| 3:26 | Create | Villager (Male) |
| 3:40 | Create | Villager (Male) |
| 3:47 | Build | House |
| 4:20 | Build | House |
| 4:36 | Create | Villager (Male) |
| 4:36 | Create | Villager (Male) |
| 4:37 | Create | Villager (Male) |
| 4:37 | Create | Villager (Male) |
| 4:37 | Create | Villager (Male) |
| 5:05 | Create | Villager (Male) |
| 5:05 | Create | Villager (Male) |
| 5:05 | Create | Villager (Male) |
| 5:10 | Build | Barracks |
| 5:54 | Create | Militia |
| 5:55 | Create | Militia |
| 5:55 | Create | Militia |
| 6:15 | Create | Villager (Male) |
| 6:15 | Create | Villager (Male) |
| 6:15 | Create | Villager (Male) |
| 6:24 | Build | House |
| 6:30 | Create | Villager (Male) |
| 6:30 | Create | Villager (Male) |
| 6:30 | Create | Villager (Male) |
| 6:53 | Build | Mill |
| 7:04 | Build | House |
| 7:07 | Build | House |
| 7:28 | Create | Villager (Male) |
| 7:33 | Research | Loom |
| 7:52 | Build | House |
| 8:10 | Build | Palisade Wall |
| 8:13 | Create | Villager (Male) |
| 8:24 | Build | Palisade Wall |
| 8:26 | Create | Villager (Male) |
| 9:10 | Build | Farm |
| 9:11 | Build | Farm |
| 9:13 | Research | Feudal Age |
| 10:05 | Build | Farm |
| 10:33 | Build | Farm |
| 10:37 | Build | House |
| 10:39 | Build | House |
| 10:41 | Create | Villager (Male) |
| 10:46 | Create | Villager (Male) |
| 10:59 | Build | Mining Camp |
| 11:09 | Build | House |
| 11:12 | Build | House |
| 11:23 | Age | Feudal Age |
| 11:25 | Create | Villager (Male) |
| 11:33 | Build | Archery Range |
| 11:36 | Create | Villager (Male) |
| 11:54 | Create | Villager (Male) |
| 12:02 | Build | Palisade Gate |
| 12:08 | Create | Archer |
| 12:08 | Create | Archer |
| 12:13 | Build | House |
| 12:20 | Create | Villager (Male) |
| 12:22 | Build | Farm |
| 12:23 | Create | Villager (Male) |
| 12:48 | Build | Palisade Wall |
| 12:54 | Create | Villager (Male) |
| 12:58 | Create | Archer |
| 12:58 | Create | Archer |
| 13:07 | Build | Palisade Wall |
| 13:12 | Create | Villager (Male) |
| 13:20 | Create | Archer |
| 13:20 | Create | Archer |
| 13:20 | Create | Archer |
| 13:24 | Create | Villager (Male) |
| 13:28 | Build | Blacksmith |
| 13:30 | Build | Farm |
| 13:31 | Build | Farm |
| 13:56 | Build | Farm |
| 13:57 | Create | Villager (Male) |
| 13:57 | Create | Villager (Male) |
| 14:05 | Create | Archer |
| 14:11 | Build | Farm |
| 14:12 | Create | Villager (Male) |
| 14:21 | Research | Fletching |
| 14:21 | Research | Fletching |
| 14:23 | Build | House |
| 14:39 | Create | Villager (Male) |
| 14:40 | Create | Archer |
| 14:55 | Build | Farm |
| 15:00 | Build | Palisade Wall |
| 15:08 | Build | House |
| 15:09 | Create | Villager (Male) |
| 15:13 | Create | Villager (Male) |
| 15:15 | Build | Farm |
| 15:24 | Research | Double-Bit Axe |
| 15:24 | Research | Double-Bit Axe |
| 15:25 | Research | Double-Bit Axe |
| 15:30 | Create | Villager (Male) |
| 15:40 | Build | House |
| 15:41 | Build | House |
| 15:50 | Create | Archer |
| 15:51 | Create | Archer |
| 15:52 | Create | Villager (Male) |
| 15:53 | Create | Villager (Male) |
| 15:53 | Create | Villager (Male) |
| 15:53 | Create | Villager (Male) |
| 15:57 | Build | Farm |
| 16:24 | Build | House |
| 16:36 | Build | House |
| 16:37 | Create | Villager (Male) |
| 16:38 | Create | Archer |
| 16:57 | Build | Archery Range |
| 17:06 | Build | House |
| 17:07 | Build | House |
| 17:32 | Create | Skirmisher |
| 17:41 | Build | Farm |
| 17:43 | Build | Farm |
| 18:11 | Create | Villager (Male) |
| 18:16 | Build | Lumber Camp |
| 18:19 | Build | Farm |
| 18:23 | Build | Farm |
| 18:48 | Create | Villager (Male) |
| 19:07 | Build | Farm |
| 19:24 | Research | Castle Age |
| 19:28 | Build | Farm |
| 19:43 | Research | Padded Archer Armor |
| 19:44 | Research | Padded Archer Armor |
| 20:24 | Create | Skirmisher |
| 20:24 | Create | Skirmisher |
| 20:24 | Create | Skirmisher |
| 20:25 | Build | Farm |
| 20:26 | Build | Farm |
| 20:27 | Research | Horse Collar |
| 20:33 | Build | House |
| 20:34 | Build | House |
| 20:35 | Build | House |
| 21:05 | Create | Skirmisher |
| 21:06 | Create | Skirmisher |
| 21:06 | Create | Skirmisher |
| 21:06 | Create | Skirmisher |
Build order — Monkey Boy
148 actions detected in the replay
| 0:01 | Create | Villager (Male) |
| 0:02 | Build | House |
| 0:03 | Build | House |
| 0:07 | Create | Villager (Male) |
| 0:08 | Create | Villager (Male) |
| 0:18 | Create | Villager (Male) |
| 0:18 | Create | Villager (Male) |
| 1:23 | Create | Villager (Male) |
| 1:25 | Build | Lumber Camp |
| 1:47 | Create | Villager (Male) |
| 1:47 | Create | Villager (Male) |
| 2:12 | Create | Villager (Male) |
| 2:30 | Create | Villager (Male) |
| 2:30 | Create | Villager (Male) |
| 2:49 | Create | Villager (Male) |
| 3:38 | Create | Villager (Male) |
| 3:38 | Create | Villager (Male) |
| 3:49 | Build | House |
| 3:50 | Build | House |
| 3:56 | Create | Villager (Male) |
| 3:57 | Create | Villager (Male) |
| 4:27 | Create | Villager (Male) |
| 4:27 | Create | Villager (Male) |
| 4:53 | Build | Mill |
| 5:50 | Create | Villager (Male) |
| 5:51 | Research | Loom |
| 6:28 | Build | Barracks |
| 6:35 | Research | Feudal Age |
| 6:35 | Research | Feudal Age |
| 7:26 | Create | Militia |
| 7:26 | Create | Militia |
| 7:40 | Build | Palisade Wall |
| 7:41 | Build | Palisade Wall |
| 7:50 | Build | Mining Camp |
| 8:26 | Create | Militia |
| 8:36 | Build | House |
| 8:45 | Create | Villager (Male) |
| 8:51 | Age | Feudal Age |
| 9:09 | Research | Man-at-Arms (upgrade) |
| 9:09 | Research | Man-at-Arms (upgrade) |
| 9:17 | Create | Villager (Male) |
| 9:36 | Build | Palisade Wall |
| 9:39 | Build | Farm |
| 9:39 | Build | Farm |
| 9:39 | Build | Farm |
| 9:39 | Build | Farm |
| 9:40 | Build | Farm |
| 9:40 | Build | Farm |
| 9:52 | Create | Villager (Male) |
| 10:05 | Build | Farm |
| 10:32 | Create | Villager (Male) |
| 10:38 | Build | Farm |
| 10:41 | Build | Farm |
| 10:57 | Create | Militia |
| 11:00 | Build | Farm |
| 11:03 | Build | House |
| 11:09 | Create | Villager (Male) |
| 11:10 | Create | Villager (Male) |
| 11:14 | Build | House |
| 11:19 | Build | Farm |
| 11:37 | Create | Villager (Male) |
| 11:56 | Create | Militia |
| 12:01 | Build | Farm |
| 12:02 | Create | Villager (Male) |
| 12:09 | Build | House |
| 12:14 | Create | Villager (Male) |
| 12:14 | Create | Villager (Male) |
| 12:23 | Build | House |
| 12:29 | Build | Farm |
| 12:34 | Build | House |
| 12:36 | Build | Palisade Wall |
| 12:44 | Create | Spearman |
| 12:51 | Create | Villager (Male) |
| 13:14 | Create | Villager (Male) |
| 13:25 | Build | Palisade Wall |
| 13:26 | Create | Villager (Male) |
| 13:31 | Build | Palisade Wall |
| 13:34 | Research | Double-Bit Axe |
| 14:04 | Create | Villager (Male) |
| 14:14 | Build | House |
| 14:28 | Build | Archery Range |
| 14:43 | Create | Villager (Male) |
| 14:44 | Create | Villager (Male) |
| 14:49 | Build | Palisade Wall |
| 15:12 | Create | Villager (Male) |
| 15:16 | Build | Palisade Wall |
| 15:20 | Create | Skirmisher |
| 15:34 | Build | Blacksmith |
| 15:43 | Build | Palisade Wall |
| 15:55 | Create | Villager (Male) |
| 16:20 | Create | Villager (Male) |
| 16:21 | Create | Skirmisher |
| 16:24 | Build | House |
| 16:25 | Build | Palisade Wall |
| 16:37 | Research | Fletching |
| 16:38 | Create | Skirmisher |
| 16:44 | Create | Villager (Male) |
| 16:47 | Build | Lumber Camp |
| 16:55 | Research | Padded Archer Armor |
| 16:57 | Create | Villager (Male) |
| 17:27 | Create | Archer |
| 17:44 | Build | Archery Range |
| 17:49 | Create | Villager (Male) |
| 17:53 | Create | Archer |
| 18:06 | Create | Archer |
| 18:20 | Research | Castle Age |
| 18:20 | Research | Castle Age |
| 18:37 | Create | Archer |
| 18:44 | Research | Horse Collar |
| 18:44 | Research | Horse Collar |
| 19:15 | Create | Skirmisher |
| 19:16 | Create | Skirmisher |
| 19:29 | Research | Padded Archer Armor |
| 19:31 | Create | Skirmisher |
| 19:31 | Create | Skirmisher |
| 19:35 | Build | House |
| 19:37 | Build | House |
| 19:40 | Build | House |
| 19:41 | Build | Palisade Wall |
| 19:59 | Build | Palisade Wall |
| 20:05 | Build | House |
| 20:21 | Create | Skirmisher |
| 20:21 | Create | Skirmisher |
| 20:34 | Create | Archer |
| 20:34 | Create | Archer |
| 20:35 | Create | Villager (Male) |
| 20:53 | Build | House |
| 20:54 | Build | House |
| 21:00 | Age | Castle Age |
| 21:05 | Create | Villager (Male) |
| 21:06 | Research | Bodkin Arrow |
| 21:08 | Create | Archer |
| 21:13 | Create | Villager (Male) |
| 21:17 | Build | Farm |
| 21:31 | Build | Palisade Wall |
| 21:40 | Create | Villager (Male) |
| 21:42 | Create | Archer |
| 21:42 | Create | Archer |
| 21:48 | Create | Villager (Male) |
| 21:52 | Build | House |
| 22:07 | Build | Stable |
| 22:14 | Create | Archer |
| 22:15 | Create | Archer |
| 22:15 | Create | Villager (Male) |
| 22:44 | Create | Villager (Male) |
| 22:49 | Create | Archer |
| 22:49 | Create | Villager (Male) |
| 22:57 | Build | Town Center |
Match timeline
| 5:10 | thunder bun · first_building Barracks |
| 6:28 | Monkey Boy · first_building Barracks |
| 7:40 | Monkey Boy · wall_segment Palisade Wall x1 |
| 7:41 | Monkey Boy · wall_segment Palisade Wall x1 |
| 8:10 | thunder bun · wall_segment Palisade Wall x7 |
| 8:24 | thunder bun · wall_segment Palisade Wall x10 |
| 8:51 | Monkey Boy · age_up feudal |
| 9:36 | Monkey Boy · wall_segment Palisade Wall x1 |
| 11:23 | thunder bun · age_up feudal |
| 11:33 | thunder bun · first_building Archery Range |
| 12:36 | Monkey Boy · wall_segment Palisade Wall x18 |
| 12:48 | thunder bun · wall_segment Palisade Wall x1 |
| 13:07 | thunder bun · wall_segment Palisade Wall x1 |
| 13:25 | Monkey Boy · wall_segment Palisade Wall x8 |
| 13:31 | Monkey Boy · wall_segment Palisade Wall x7 |
| 14:28 | Monkey Boy · first_building Archery Range |
| 14:49 | Monkey Boy · wall_segment Palisade Wall x22 |
| 15:00 | thunder bun · wall_segment Palisade Wall x9 |
| 15:16 | Monkey Boy · wall_segment Palisade Wall x6 |
| 15:43 | Monkey Boy · wall_segment Palisade Wall x4 |
| 16:25 | Monkey Boy · wall_segment Palisade Wall x4 |
| 19:41 | Monkey Boy · wall_segment Palisade Wall x1 |
| 19:59 | Monkey Boy · wall_segment Palisade Wall x1 |
| 21:00 | Monkey Boy · age_up castle |
| 21:31 | Monkey Boy · wall_segment Palisade Wall x1 |
| 22:04 | thunder bun · age_up castle |
| 22:07 | Monkey Boy · first_building Stable |
| 22:17 | thunder bun · first_building Monastery |
| 23:07 | Monkey Boy · resign |
[ AI ANALYSIS · 1 CREDIT ]
What really happened in this match?
Wolo.gg analyzes every decision: build order, eco, micro, common mistakes by bracket. Personalized analysis on WhatsApp or Discord in 30 seconds.
Civ guide
Celts
Perfil
thunder bun